 Dungeon Crawl Stone Soup version 0.27.1 (webtiles) character file.

Game seed: 17634513132389165723

3928 DearestLeader the Severer (level 10, -13/78 HPs)
             Began as a Minotaur Berserker on Sept 3, 2021.
             Was a Priest of Trog.
             Mangled by a centaur warrior (14 damage)
             ... on level 8 of the Dungeon.
             The game lasted 00:12:33 (6733 turns).

DearestLeader the Severer (Minotaur Berserker)      Turns: 6733, Time: 00:12:34

Health: -13/78     AC:  8    Str: 24    XL:     10   Next: 1%
Magic:  9/9        EV: 12    Int:  5    God:    Trog [***...]
Gold:   187        SH:  0    Dex: 10    Spells: 9/9 levels left

rFire    . . .     SeeInvis .   f - +5 morningstar (freeze)
rCold    . . .     Faith    .   (no shield)
rNeg     . . .     Spirit   .   i - +0 swamp dragon scales
rPois    +         Reflect  .   (helmet restricted)
rElec    .         Harm     .   k - scarf {repulsion}
rCorr    .         Rampage  .   (no gloves)
Will     .....                  (no boots)
Stlth    ..........             (no amulet)
HPRegen  0.23/turn              (no ring)
MPRegen  0.11/turn              (no ring)

@: repel missiles
A: horns 2, retaliatory headbutt
a: Renounce Religion, Berserk, Trog's Hand


You were on level 8 of the Dungeon.
You worshipped Trog.
Trog was most pleased with you.
You visited 1 branch of the dungeon, and saw 8 of its levels.
You also visited: Sewer.

You collected 252 gold pieces.
You spent 65 gold pieces at shops.

Inventory:

Hand Weapons
 a - a +0 hunting sling of freezing
 d - a +0 hunting sling
 f - a +5 morningstar of freezing (weapon)
 w - a +0 war axe
Missiles
 h - 14 sling bullets
Armour
 i - +0 swamp dragon scales (worn)
 k - a scarf of repulsion (worn)
 t - a +0 kite shield
Jewellery
 l - an amulet of faith
Wands
 g - a wand of polymorph (7)
Scrolls
 c - 3 scrolls of amnesia
 e - a scroll of acquirement {unknown}
 n - 5 scrolls of fog
 p - a scroll of enchant weapon {unknown}
 q - a scroll of immolation {unknown}
 u - 4 scrolls of fear {unknown}
 v - 2 scrolls of identify {unknown}
Potions
 b - a potion of mutation {unknown}
 j - a potion of magic {unknown}
 m - a potion of haste {unknown}
 o - 2 potions of curing {unknown}
 r - 2 potions of flight {unknown}
 s - a potion of cancellation {unknown}
 x - a potion of might {unknown}
 z - 2 potions of degeneration {unknown}


   Skills:
 - Level 4.0 Fighting
 * Level 15.2 Axes
 - Level 6.0 Armour
 - Level 4.0 Dodging


You had 9 spell levels left.
You didn't know any spells.
Your spell library was empty.

Dungeon Overview and Level Annotations

Branches:
Dungeon (9/15)              Sewer (visited)
 Temple: D:4-7         Lair: D:8-11         Orc: D:9-12

Altars:
Fedhas
Okawaru
Trog
Uskayaw

Shops:
D:2 !


Innate Abilities, Weirdness & Mutations

You have a pair of horns on your head.
You reflexively headbutt those who attack you in melee.


Message History

The vampire mosquito is severely damaged.
The vampire mosquito bites you but does no damage. x2
You puncture the vampire mosquito! You freeze the vampire mosquito.
You destroy the vampire mosquito!
Trog accepts your kill.
You have reached level 10!
A centaur warrior comes into view.
It is wielding a +2 vampiric long sword.
Things that are here:
a +0 longbow; 21 arrows; a centaur corpse The centaur warrior unwields a +2 vampiric long sword.
The centaur warrior wields a +0 shortbow.
The centaur warrior shoots an arrow.
The arrow hits you!
You hear a shout!
You are too injured to fight recklessly!
Unknown command.
The centaur warrior unwields a +0 shortbow.
The centaur warrior wields a +2 vampiric long sword.
The centaur warrior misses you.
The centaur warrior kicks you but does no damage.
You barely miss the centaur warrior.
Your headbutt misses the centaur warrior.
The centaur warrior hits you with a +2 vampiric long sword.
The centaur warrior closely misses you.
You puncture the centaur warrior! You freeze the centaur warrior.
The centaur warrior is moderately wounded.
The centaur warrior hits you with a +2 vampiric long sword!
* * * LOW HITPOINT WARNING * * *
The centaur warrior draws strength from your wounds!
The centaur warrior kicks you but does no damage.
The centaur warrior hits you with a +2 vampiric long sword!
* * * LOW HITPOINT WARNING * * *
The centaur warrior draws strength from your wounds!
The centaur warrior barely misses you.
Okay, then.
Okay, then.
You bludgeon the centaur warrior!! You freeze the centaur warrior.
You headbutt the centaur warrior.
The centaur warrior is moderately wounded.
The centaur warrior hits you with a +2 vampiric long sword!
You die...

.... #.###.......#######
.8... #.###.###...#.....#
.8._..##.##..#.....#.....#
.8.......##.##...........#
.8888..###..#...####.....#
......# ####.### #.....#
...... #..)# #.....# ≈≈≈≈.
#...# ###.### ≈≈≈≈. #@..#
#..# .... #.c###..# #.##
.... #(.#.#..####.# ..
####.####....##### #..##
#........##......# #....#
####..#####......#
......######.## #......#
..........##.# ##......#
.....#.......# ###.......#


You could see a centaur warrior.

Vanquished Creatures
  A centaur warrior (D:8)
  Pikel (D:6)
  A manticore (D:8)
  A vampire mosquito (D:8)
  A black bear (D:5)
  2 sky beasts
  2 necrophages
  2 lemures (D:6)
  7 kobold brigands (Sewer)
  2 scorpions (D:5)
  A wyvern skeleton (D:5)
  6 killer bees (D:9)
  3 wights (D:9)
  A bullfrog zombie (D:6)
  2 centaur zombies
  A jelly (D:5)
  3 hounds
  2 centaur skeletons (D:4)
  An orc wizard (D:4)
  A howler monkey zombie (D:5)
  5 gnolls
  4 adders
  4 river rats
  A white imp (D:5)
  5 worms
  5 dart slugs
  5 orcs
  9 endoplasms
  5 giant cockroaches
  9 goblins
  6 hobgoblins
  2 quokkas
  4 ball pythons
  5 bats
  2 frilled lizards
  17 kobolds
  12 rats
141 creatures vanquished.

Notes
Turn   | Place    | Note
-------+----------+-------------------------------------------
     0 | D:1      | DearestLeader the Minotaur Berserker began the quest for
                  | the Orb.
     0 | D:1      | Reached XP level 1. HP: 19/19 MP: 0/0
   226 | D:1      | Reached skill level 4 in Axes
   226 | D:1      | Reached XP level 2. HP: 27/27 MP: 1/1
   412 | D:1      | Found a faded altar of an unknown god.
   537 | D:1      | Reached XP level 3. HP: 32/33 MP: 2/2
  1016 | D:2      | Found Puzabab's Distillery.
  1048 | D:2      | Bought a potion of heal wounds for 65 gold pieces
  1098 | D:2      | Reached ** piety under Trog
  1219 | D:2      | Reached XP level 4. HP: 37/40 MP: 3/3
  1309 | D:3      | Reached skill level 5 in Axes
  2299 | D:4      | Reached XP level 5. HP: 45/46 MP: 4/4
  2347 | D:4      | Reached skill level 6 in Axes
  2462 | D:4      | Found a glowing drain.
  2466 | Sewer    | Entered a sewer
  2644 | Sewer    | Reached *** piety under Trog
  2673 | Sewer    | Reached XP level 6. HP: 48/52 MP: 5/5
  2831 | Sewer    | Reached skill level 7 in Axes
  3750 | Sewer    | Reached skill level 8 in Axes
  3750 | Sewer    | Reached XP level 7. HP: 45/59 MP: 6/6
  4153 | Sewer    | Reached skill level 5 in Armour
  4432 | D:4      | Found a bloodstained altar of Trog.
  4547 | D:4      | Found a blossoming altar of Fedhas.
  4721 | D:4      | Reached skill level 9 in Axes
  5076 | D:5      | Entered Level 5 of the Dungeon
  5088 | D:5      | Reached XP level 8. HP: 52/66 MP: 7/7
  5355 | D:5      | Reached skill level 10 in Axes
  5634 | D:5      | Found a hide-covered altar of Uskayaw.
  5813 | D:5      | Reached skill level 11 in Axes
  5959 | D:5      | HP: 3/66 [something (1)]
  6172 | D:6      | Noticed Pikel
  6189 | D:6      | Killed Pikel
  6190 | D:6      | Reached skill level 12 in Axes
  6190 | D:6      | Reached XP level 9. HP: 47/71 MP: 8/8
  6324 | D:6      | Reached skill level 13 in Axes
  6399 | D:6      | You fall into a shaft and drop 3 floors!
  6548 | D:8      | Found an iron altar of Okawaru.
  6548 | D:8      | Noticed a manticore
  6562 | D:8      | Killed a manticore
  6563 | D:8      | Reached skill level 14 in Axes
  6718 | D:8      | Noticed a centaur warrior
  6725 | D:8      | Killed a centaur warrior
  6726 | D:8      | Reached skill level 15 in Axes
  6728 | D:8      | Reached XP level 10. HP: 48/78 MP: 9/9
  6728 | D:8      | Noticed a centaur warrior
  6732 | D:8      | HP: 1/78 [centaur warrior (16)]
  6733 | D:8      | Mangled by a centaur warrior

Illustrated notes

Levels and vault maps discovered:
D:1:      evilmike_arrival_crescent, layout_rooms, ebering_ecumenical_altar_webs
D:2:      layout_rooms, serial_shops, nicolae_shop_crystal
D:3:      layout_basic
D:4:      layout_basic, mainiacjoe_overflow_tiny_flanked, old_standard_altar,
          lightli_sewer_entry_pipes, hangedman_abyss_or_decor_stagger
D:5:      layout_loops_corners, mainiacjoe_overflow_alcove_2,
          kennysheep_opposing_triangles
D:6:      layout_cave_pools, chequers_serial_rivers_micro_b, grunt_tough_drop,
          uniq_crazy_yiuf_cottage, uniq_pikel
D:8:      minmay_blocky_corners, layout_rooms, mainiacjoe_overflow_chevrons,
          nicolae_qazlal_style_of_elements, kennysheep_generic_room_4, uniq_grum
D:9:      layout_cave_pools, chequers_serial_rivers_room_b

Skill      XL: |  1  2  3  4  5  6  7  8  9 |
---------------+----------------------------+-----
Axes           | 4 5 6 8 9 12 15 | 15.2
Fighting       | 4 |  4.0
Armour         | 3 4 5 6 |  6.0
Dodging        | 3 4 |  4.0

Action                   |  1- 3 |  4- 6 |  7- 9 | 10-12 || total
-------------------------+-------+-------+-------+-------++-------
Melee: Hand axe          |    63 |   179 |   146 |       ||   388
       Headbutt          |     8 |    36 |    36 |     1 ||    81
       War axe           |       |       |    49 |       ||    49
       Morningstar       |       |       |    19 |     3 ||    22
Invok: Berserk           |     1 |       |     3 |       ||     4
       Trog's Hand       |       |       |     2 |       ||     2
  Use: Scroll            |       |     3 |       |       ||     3
       Potion            |       |       |     2 |       ||     2
 Stab: Sleeping          |     1 |       |       |       ||     1
Armor: Animal skin       |     9 |       |       |       ||     9
       Scale mail        |     8 |    62 |    76 |       ||   146
       Swamp dragon scal |       |       |    16 |     2 ||    18
Dodge: Dodged            |    34 |    99 |   123 |     3 ||   259
       Repelled          |       |     1 |     1 |       ||     2
